Map: Deathaura LE

Players

Munte - Winner!

  • Race: Zerg Zerg
  • Spawn Location: 11:00

Filemon

  • Race: Protoss Protoss
  • League: Diamond
  • Spawn Location: 5:00

VOD

Have the link to the VOD?

Description

Time

  • Played on: Oct. 11, 2020, 7:20 a.m.
  • Length: 8:51
Show
View Real Time Build Order
Export as new Build Order

Munte Zerg - Winner!

Build Orders: Hatch First 

Get SALT Encoding   

  12  0:01  Drone  
  13  0:13  Overlord  
  13  0:17  Drone  
  14  0:31  Drone x2  
  16  0:50  Hatchery  
  16  0:52  Drone  
  16  0:56  Drone  
  17  0:59  Drone  
  18  1:11  Extractor  
  17  1:15  Spawning Pool  
  16  1:18  Drone  
  16  1:21  Drone  
  18  1:28  Drone  
  19  1:52  Drone  
  19  1:53  Drone  
  21  2:09  Queen  
  21  2:11  Queen  
  25  2:17  Metabolic Boost  
  25  2:19  Drone  
  26  2:26  Overlord  
  26  2:34  Overlord  
  26  2:43  Drone x2  
  28  3:00  Drone x2  
  28  3:01  Hatchery  
  29  3:08  Drone x2  
  29  3:09  Drone  
  32  3:21  Overlord  
  34  3:29  Lair, Queen  
  34  3:33  Drone, Extractor  
  34  3:34  Drone  
  35  3:45  Zergling x6  
  35  3:47  Drone x3  
  41  4:05  Extractor, Spore Crawler  
  41  4:06  Spore Crawler  
  41  4:07  Extractor  
  37  4:10  Drone x3  
  37  4:11  Drone x3  
  37  4:13  Queen  
  45  4:24  Drone x2  
  45  4:25  Drone x3  
  50  4:41  Hydralisk Den  
  50  4:45  Evolution Chamber x2  
  47  4:47  Drone x3  
  47  4:50  Drone x2  
  52  4:57  Zergling x4  
  52  4:58  Zergling x6  
  57  5:00  Overlord  
  57  5:01  Zergling x2  
  58  5:12  Overlord x2  
  57  5:16  Zerg Missile Weapons Level 1  
  57  5:21  Zerg Ground Armor Level 1  
  57  5:23  Muscular Augments  
  57  5:24  Overlord  
  56  5:44  Hydralisk x6  
  66  5:55  Hydralisk x4  
  73  6:07  Drone x3  
  73  6:08  Overlord x2  
  76  6:18  Drone x2  
  76  6:19  Drone x3  
  81  6:29  Overlord  
  81  6:30  Overlord  
  81  6:33  Drone x2  
  81  6:34  Hydralisk x2, Drone  
  81  6:38  Grooved Spines  
  88  6:42  Hydralisk  
  88  6:43  Hydralisk  
  92  6:51  Hydralisk x2  
  94  6:59  Hydralisk x3  
  94  7:00  Hydralisk  
  101  7:12  Hydralisk x3  
  106  7:16  Overlord x2  
  106  7:33  Hydralisk  
  106  7:34  Hydralisk  
  105  7:43  Hydralisk x2  
  99  7:52  Zergling x2  
  99  7:53  Zergling x30  
  107  8:09  Drone  
  107  8:10  Drone x2, Extractor  
  101  8:23  Hydralisk x7  
Show
View Real Time Build Order
Export as new Build Order

Filemon Protoss 

Build Orders: Nexus First 

Get SALT Encoding   

  12  0:00  Probe  
  13  0:12  Probe  
  14  0:19  Pylon  
  14  0:24  Probe  
  15  0:37  Probe (Chrono Boost)  
  16  0:47  Probe (Chrono Boost)  
  17  0:52  Probe (Chrono Boost)  
  18  1:03  Nexus  
  18  1:13  Gateway  
  18  1:22  Pylon  
  18  1:26  Probe  
  19  1:37  Forge  
  19  1:38  Probe  
  20  1:56  Gateway  
  20  1:57  Probe  
  20  1:59  Assimilator  
  21  2:01  Assimilator  
  21  2:02  Pylon  
  21  2:08  Zealot  
  23  2:15  Pylon  
  23  2:22  Probe (Chrono Boost)  
  25  2:25  Probe (Chrono Boost)  
  25  2:32  Probe (Chrono Boost)  
  25  2:35  Probe (Chrono Boost)  
  27  2:37  Probe (Chrono Boost)  
  27  2:38  Cybernetics Core  
  28  2:46  Probe (Chrono Boost)  
  28  2:49  Probe (Chrono Boost)  
  30  2:54  Probe (Chrono Boost)  
  30  2:55  Probe (Chrono Boost)  
  32  2:59  Probe (Chrono Boost)  
  32  3:01  Pylon  
  32  3:03  Probe  
  32  3:05  Gateway  
  34  3:13  Warp Gate (Chrono Boost), Gateway  
  34  3:15  Sentry  
  34  3:16  Sentry  
  34  3:17  Probe  
  39  3:21  Probe  
  40  3:29  Probe  
  40  3:33  Probe  
  42  3:41  Probe, Shield Battery  
  43  3:45  Probe  
  44  3:54  Probe  
  47  3:56  Adept  
  47  3:57  Probe  
  47  3:58  Adept  
  47  4:00  Adept x2  
  54  4:06  Assimilator  
  54  4:09  Pylon  
  54  4:11  Assimilator  
  54  4:15  Pylon  
  54  4:27  Twilight Council, Probe x2, Robotics Facility  
  56  4:39  Probe  
  56  4:42  Probe  
  58  4:47  Stalker x4  
  58  4:51  Probe  
  67  4:54  Probe  
  69  5:35  Probe x2  
  70  5:47  Probe  
  67  5:52  Immortal, Probe  
  66  5:59  Probe  
  66  6:01  Charge (Chrono Boost)  
  69  6:04  Probe  
  69  6:09  Forge  
  70  6:12  Gateway  
  70  6:14  Gateway  
  70  6:15  Pylon  
  70  6:17  Pylon  
  70  6:21  Nexus  
  70  6:23  Pylon  
  70  6:26  Pylon x2  
  70  6:28  Shield Battery  
  70  6:33  Probe  
  70  6:39  Robotics Bay  
  71  6:44  Templar Archives  
  71  6:46  Zealot x2  
  74  6:47  Zealot x2  
  78  6:57  Probe x2  
  79  7:09  Probe x2  
  79  7:11  Photon Cannon  
  81  7:24  Colossus (Chrono Boost)  
  87  7:30  Photon Cannon  
  84  7:44  Stalker x4  
  64  8:05  Zealot x2  
  56  8:07  Zealot x4  
  58  8:32  Zealot  
  58  8:33  Zealot x2  
  58  8:34  Zealot x3  
Tags
 
Add a new tag
Caveats
  • Supply blocks, unpowered buildings, or Contaminate may cause inaccurate times.
  • Supply counts are checked every 10 seconds.